 Dungeon Crawl Stone Soup version 0.26.1-11-gd32895ea62 (webtiles) character file.

Game seed: 4661785840461497056

1361 Tirrikindir the Firebug (level 8, -5/61 HPs)
             Began as a Hill Orc Fire Elementalist on June 3, 2021.
             Was a Believer of the Shining One.
             Killed from afar by a white imp (13 damage)
             ... with a puff of frost
             ... on level 6 of the Dungeon.
             The game lasted 00:19:08 (7722 turns).

Tirrikindir the Firebug (HOFE)                      Turns: 7722, Time: 00:19:10

Health: -5/61      AC:  4    Str: 11    XL:     8   Next: 64%
Magic:  12/12      EV: 13    Int: 17    God:    the Shining One [**....]
Gold:   412        SH:  0    Dex: 13    Spells: 9/13 levels left

rFire    + . .     SeeInvis .   p - +0 war axe
rCold    x . .     Faith    .   (no shield)
rNeg     + . .     Spirit   .   a - +0 robe
rPois    .         Reflect  .   (no helmet)
rElec    .         Harm     .   (no cloak)
rCorr    .         Rampage  .   (no gloves)
Will     .....                  h - +1 pair of boots
Stlth    +.........             b - amulet of magic regeneration
HPRegen  0.20/turn              i - ring of fire
MPRegen  0.38/turn              (no ring)

@: glowing
A: agile 1, MP-powered wands
a: Renounce Religion, Divine Shield


You were on level 6 of the Dungeon.
You worshipped the Shining One.
The Shining One was pleased with you.
You visited 1 branch of the dungeon, and saw 6 of its levels.

You collected 412 gold pieces.

Inventory:

Hand Weapons
 l - a +3 flail of venom
 p - a +0 war axe (weapon)
Armour
 a - a +0 robe (worn)
 h - a +1 pair of boots (worn)
Jewellery
 b - an amulet of magic regeneration (around neck)
 i - a ring of fire (left hand)
Wands
 r - a wand of digging (3)
 s - a wand of iceblast (9)
Scrolls
 f - 4 scrolls of amnesia
 g - 3 scrolls of enchant armour
 j - 2 scrolls of enchant weapon
 k - 2 scrolls of remove curse
 m - 2 scrolls of identify
 n - a scroll of fog
 o - a scroll of immolation
Potions
 d - 2 potions of flight
 e - a potion of cancellation
 q - a potion of heal wounds


   Skills:
 - Level 2.0 Fighting
 - Level 2.0 Axes
 - Level 2.0 Armour
 - Level 3.0 Dodging
 - Level 2.0 Stealth
 - Level 3.0 Spellcasting
 - Level 4.0 Conjurations
 * Level 7.5 Fire Magic
 - Level 5.0 Invocations


You had 9 spell levels left.
You knew the following spells:

 Your Spells              Type           Power        Failure   Level
a - Foxfire               Conj/Fire      100%         1%          1
b - Conjure Flame         Conj/Fire      33%          4%          3

Your spell library contained the following spells:

 Spells                   Type           Power        Failure   Level
 Inner Flame              Hex/Fire       23%          11%         3
 Sticky Flame             Conj/Fire      33%          16%         4
 Fireball                 Conj/Fire      16%          41%         5


Dungeon Overview and Level Annotations

Branches:
Dungeon (6/15)
 Temple: D:4-7

Altars:
Dithmenos
Hepliaklqana
Kikubaaqudgha
Makhleb
Qazlal
Sif Muna
Wu Jian
Zin
The Shining One


Innate Abilities, Weirdness & Mutations

You are agile. (Dex +2)
You expend magic power (3 MP) to strengthen your wands.


Message History

The phantom is unaffected.
The phantom hits you.
* * * LOW HITPOINT WARNING * * *
The centaur gives up.
Cornered, the centaur turns to fight!
You hit the centaur.
You kill the centaur!
You hit the phantom. The phantom barely misses you.
Training target 5.0 for Invocations reached!
Your Invocations skill increases to level 5!
You hit the white imp.
The white imp is heavily wounded.
You hit the phantom but do no damage. The phantom closely misses you.
The white imp barely misses you.
You hit the white imp.
The white imp is almost dead.
You barely miss the phantom.
The phantom hits you but does no damage.
The white imp gestures at you. The puff of frost hits you!
You feel a terrible chill!
You die...

#.... #....# ..
#....####....####..
......#.......#....
#......##......#
##....####....##
##'### ####'##
#####.# #.##
#.W...# #..#
#@##### ##.# ###5#
###.# #.(Z# ##$#.#
#..(# #"$#.#
#..##.# ....$##.#
#.. #.# ⌠..⌠/ #.#
..## .Y# .... #.#
#.. .s+ ... #.# ..#
##.# .... #.#


You could see a phantom, an ice beast (fleeing), a scorpion (fleeing), a white
imp and a worker ant zombie.

Vanquished Creatures
  A phantom (D:5)
  2 centaurs
  3 ogres (D:4)
  A bullfrog (D:6)
  A scorpion (D:5)
  A howler monkey (D:4)
  A hound (D:4)
  3 iguanas
  An orc priest (D:3)
  4 orc wizards
  7 worker ants
  A howler monkey zombie (D:4)
  10 gnolls
  7 adders
  A shadow imp (D:5)
  A white imp (D:5)
  An ooze (D:2)
  An adder skeleton (D:4)
  2 worms
  2 dart slugs
  3 leopard geckos
  13 orcs
  A bat zombie (D:5)
  4 giant cockroaches
  10 goblins
  9 hobgoblins
  3 jackals (D:4)
  7 kobolds
  5 quokkas
  A ball python (D:2)
  9 bats
  3 frilled lizards
  A jackal skeleton (D:4)
  A leopard gecko skeleton (D:6)
  A leopard gecko zombie (D:5)
  A quokka skeleton (D:5)
  9 rats
  2 rat zombies (D:5)
134 creatures vanquished.

Vanquished Creatures (others)
  230 foxfires
230 creatures vanquished.

Grand Total: 364 creatures vanquished

Notes
Turn   | Place    | Note
-------+----------+-------------------------------------------
     0 | D:1      | Tirrikindir the Hill Orc Fire Elementalist began the quest
                  | for the Orb.
     0 | D:1      | Reached XP level 1. HP: 14/14 MP: 3/3
   294 | D:1      | Reached XP level 2. HP: 22/22 MP: 1/4
  1273 | D:1      | Reached XP level 3. HP: 27/27 MP: 5/5
  1480 | D:1      | Learned a level 3 spell: Conjure Flame
  1663 | D:2      | Found a shadowy altar of Dithmenos.
  1805 | D:2      | Reached skill level 1 in Fighting
  1901 | D:2      | Found a glowing golden altar of the Shining One.
  1917 | D:2      | Became a worshipper of the Shining One
  1981 | D:2      | Reached skill level 4 in Fire Magic
  2253 | D:2      | Found a hazy altar of Hepliaklqana.
  2347 | D:2      | Found an ornate altar of the Wu Jian Council.
  2501 | D:3      | Reached XP level 4. HP: 35/35 MP: 6/6
  2549 | D:3      | Found a burning altar of Makhleb.
  2654 | D:2      | The Shining One protects you from harm!
  3129 | D:3      | Found a stormy altar of Qazlal.
  3129 | D:3      | Found a glowing silver altar of Zin.
  3178 | D:3      | Reached XP level 5. HP: 32/40 MP: 3/7
  3186 | D:3      | Reached skill level 1 in Invocations
  3333 | D:3      | Gained mutation: You expend magic power (3 MP) to
                  | strengthen your wands. [potion of mutation]
  3333 | D:3      | Gained mutation: You are agile. (Dex +2) [potion of
                  | mutation]
  3580 | D:4      | Reached skill level 1 in Armour
  3708 | D:4      | Reached skill level 1 in Axes
  3735 | D:4      | Noticed an ogre
  3756 | D:4      | Killed an ogre
  3757 | D:4      | Reached XP level 6. HP: 48/48 MP: 2/9
  3837 | D:4      | Reached * piety under the Shining One
  3856 | D:4      | Reached skill level 5 in Fire Magic
  3901 | D:4      | Reached XP level 7. HP: 39/55 MP: 10/10
  5193 | D:5      | Entered Level 5 of the Dungeon
  5320 | D:5      | Reached skill level 6 in Fire Magic
  5590 | D:5      | Reached XP level 8. HP: 61/61 MP: 12/12
  6525 | D:5      | Reached ** piety under the Shining One
  7016 | D:5      | Found an ancient bone altar of Kikubaaqudgha.
  7195 | D:6      | Found a shimmering blue altar of Sif Muna.
  7353 | D:6      | Reached skill level 7 in Fire Magic
  7721 | D:6      | Reached skill level 5 in Invocations
  7722 | D:6      | Killed from afar by a white imp

Illustrated notes

Levels and vault maps discovered:
D:1:      dpeg_arrival_connections, layout_loops_corners,
          chequers_serial_rivers_micro_d, serial_bayou_pond_e, corner_web_ring,
          minmay_parallelograms, amcnicky_mini_pool_small, nrook_mini_vaults
D:2:      layout_loops_ring, lemuel_doored_altar, nzn_wu_jian_contemplation,
          lemuel_crystal_altar, general_overflow_altar
D:3:      layout_basic, bloody_makhleb,
          chequers_temple_overflow_statue_of_worship
D:4:      layout_basic, kennysheep_dice
D:5:      layout_loops_ring, lemuel_zombie_altar_kikubaaqudgha,
          minmay_fractal_squares_diagonal_5
D:6:      wad_guarded_room, layout_gridville,
          yredelemnul_forgotten_temple_becter, old_standard_altar,
          eat_drink_and_be_merry_uskayaw

Skill      XL: |  1  2  3  4  5  6  7  8 |
---------------+-------------------------+-----
Fighting       | 1 2 |  2.0
Fire Magic     | 4 5 6 7 |  7.5
Stealth        | 2 |  2.0
Dodging        | 2 3 |  3.0
Spellcasting   | 2 3 |  3.0
Conjurations   | 2 3 4 |  4.0
Invocations    | 1 2 3 5 |  5.0
Armour         | 1 2 |  2.0
Axes           | 1 2 |  2.0

Action                   |  1- 3 |  4- 6 |  7- 9 || total
-------------------------+-------+-------+-------++-------
Melee: Unarmed           |     4 |       |       ||     4
       Dagger            |    13 |       |       ||    13
       Whip              |    69 |    36 |    92 ||   197
       Flail             |       |     2 |       ||     2
       War axe           |       |       |    77 ||    77
 Cast: Foxfire           |    45 |    61 |    38 ||   144
       Conjure Flame     |       |     4 |     6 ||    10
  Use: Scroll            |     5 |     6 |     5 ||    16
       Potion            |       |     4 |     2 ||     6
 Stab: Sleeping          |     1 |       |       ||     1
Armor: Robe              |    27 |     6 |    34 ||    67
       Skin              |       |       |     2 ||     2
Dodge: Dodged            |    67 |    31 |   124 ||   222
